Map: Year Zero LE

Players

macromore

  • Race: Terran Terran
  • League: Diamond
  • Spawn Location: 11:00

VOD

Have the link to the VOD?

Description

Time

  • Played on: Feb. 27, 2019, 2:44 p.m.
  • Length: 10:41
Show
View Real Time Build Order
Export as new Build Order

macromore Terran 

Build Orders:  

Get SALT Encoding   

  12  0:00  SCV  
  13  0:17  SCV  
  14  0:26  Supply Depot  
  14  0:34  SCV  
  15  0:56  SCV  
  15  0:57  Barracks  
  16  1:05  Refinery  
  16  1:13  SCV  
  17  1:30  SCV  
  18  1:47  SCV  
  19  2:04  Orbital Command  
  20  2:10  Reaper  
  20  2:23  Command Center  
  20  2:40  SCV  
  21  2:51  Barracks Reactor  
  21  3:00  Refinery  
  21  3:06  Supply Depot  
  21  3:21  Factory  
  21  3:31  SCV  
  22  3:43  Marine x2  
  22  3:48  SCV  
  25  4:03  Orbital Command  
  25  4:05  SCV  
  26  4:10  Marine x2  
  28  4:22  SCV  
  28  4:28  Starport  
  28  4:29  Factory Tech Lab  
  29  4:39  SCV  
  30  4:40  SCV  
  30  4:47  Barracks  
  31  4:51  Marine x2  
  31  4:56  SCV  
  31  4:57  SCV  
  35  5:12  Factory Tech Lab  
  35  5:13  SCV  
  35  5:14  SCV  
  37  5:21  Marine x2  
  37  5:28  Raven  
  41  5:30  SCV x2  
  43  5:46  Supply Depot  
  43  5:47  SCV x2  
  45  5:56  Barracks  
  45  5:57  Marine  
  46  6:09  Marine, SCV x2  
  49  6:11  Supply Depot  
  49  6:25  SCV x2  
  49  6:29  Supply Depot  
  51  6:34  Marine  
  51  6:35  Marine  
  53  6:42  Stimpack, SCV  
  53  6:44  Marauder  
  53  6:49  SCV  
  57  6:56  Supply Depot  
  57  6:59  SCV  
  58  7:00  Supply Depot, Factory Reactor, Starport Reactor  
  58  7:04  Unknown  
  58  7:05  Marauder  
  58  7:06  SCV  
  61  7:10  Supply Depot  
  61  7:11  Supply Depot  
  61  7:12  Marine  
  61  7:13  Engineering Bay  
  61  7:14  Marine  
  63  7:20  Marauder  
  63  7:23  SCV  
  63  7:26  SCV  
  67  7:43  SCV  
  67  7:44  SCV  
  67  7:46  Widow Mine  
  67  7:47  Widow Mine  
  69  7:53  Bunker  
  69  7:55  Refinery, Marine x2  
  69  7:56  Marauder x2  
  69  7:59  Medivac  
  81  8:04  Medivac  
  81  8:05  SCV  
  81  8:08  SCV  
  85  8:21  Supply Depot  
  85  8:22  Marine x2  
  85  8:27  Refinery, Widow Mine  
  87  8:32  Marauder x2  
  93  8:40  SCV x2  
  95  8:56  Supply Depot  
  95  8:57  SCV x2  
  95  8:58  Supply Depot  
  97  9:01  Marine x2  
  97  9:02  Concussive Shells  
  99  9:14  SCV x2  
  99  9:19  Widow Mine  
  101  9:21  Marauder x2  
  101  9:28  Marine x2  
  109  9:33  Supply Depot  
  109  9:37  Command Center  
  109  9:39  Widow Mine  
  109  9:42  Medivac  
  109  9:43  Medivac  
  115  9:51  Marauder, SCV x2  
  119  10:03  Supply Depot  
  118  10:16  Marine  
Tags
 
League
Diamond
Matchup
Co-op
Add a new tag
Caveats
  • Supply blocks, unpowered buildings, or Contaminate may cause inaccurate times.
  • Supply counts are checked every 10 seconds.